 Dungeon Crawl Stone Soup version 0.31-a0-609-g7bf6ffcfed (webtiles) character file.

Game seed: 8656726313321500963

170 freelancePsychic the Trooper (level 5, 0/40 HPs)
             Began as a Djinni Shapeshifter on Aug 21, 2023.
             Splashed by a jelly's acid (10 damage)
             ... on level 3 of the Dungeon.
             The game lasted 00:05:17 (3003 turns).

freelancePsychic the Trooper (Djinni Shapeshifter)  Turns: 3003, Time: 00:05:18

Health: 0/40       AC: -2    Str: 14    XL:     5   Next: 80%
Gold:   113        EV: 12    Int: 12    God:
                   SH:  0    Dex: 13

rFire   + +          .
                       - Unarmed
rCold   x . .        (no shield)
rNeg    . . .        a - +0 animal skin
rPois   ∞            (helmet currently unavailable)
rElec   .            (cloak currently unavailable)
rCorr   .            (gloves currently unavailable)
SInv    +            (boots unavailable)
Will    .....        (no amulet)
Stlth   +            f - ring of see invisible
HPRegen 0.26/turn    (no ring)
MPRegen 0.00/turn

%: infuse magic (-1 HP)
@: beast-form, corroded, flying, very slightly contaminated
A: beast (slay +2), flying, sickness immunity, fire resistance 2, cold
vulnerability 1, float, innate caster, HP casting, extra vitality 1
a: Begin Untransformation


You were on level 3 of the Dungeon.
You were a hulking beast.
You visited 1 branch of the dungeon, and saw 3 of its levels.
You also visited: Sewer.

You collected 113 gold pieces.

Inventory:

Armour
 a - a +0 animal skin (worn)
Jewellery
 f - a ring of see invisible (left hand)
 l - a ring of positive energy
 t - an amulet of faith
Talismans
 c - a beast talisman (active)
 d - a flux talisman
 h - a blade talisman
Scrolls
 k - a scroll of enchant armour
 m - a scroll of fear
 n - a scroll of noise
 o - 4 scrolls of identify {@r1}
 p - a scroll of brand weapon {unknown}
 q - a scroll of poison {unknown}
 r - a scroll of blinking {unknown}
 s - a scroll of revelation {unknown}
Potions
 b - a potion of curing {unknown}
 e - 5 potions of heal wounds {unknown}
 g - a potion of haste {unknown}
 i - 3 potions of degeneration {unknown}
 j - 2 potions of brilliance {unknown}


   Skills:
 + Level 3.4 Fighting
 - Level 2.1 Dodging
 - Level 3.0 Unarmed Combat
 - Level 2.1 Spellcasting
 - Level 2.1 Conjurations
 - Level 2.1 Hexes
 - Level 2.1 Summonings
 - Level 2.1 Necromancy
 - Level 2.1 Translocations
 - Level 2.1 Transmutations
 - Level 2.1 Fire Magic
 - Level 2.1 Ice Magic
 - Level 2.1 Air Magic
 - Level 2.1 Earth Magic
 - Level 2.1 Poison Magic
 * Level 3.1 Shapeshifting


You knew the following spells:

 Your Spells              Type           Power      Damage    Failure   Level
a - Slow                  Hex            24%        N/A       12%         1
b - Passwall              Tmut/Erth      5%         N/A       17%         2
Your spell library was empty.

Dungeon Overview and Level Annotations

Branches:
Dungeon (3/15)              Sewer (visited)

Altars:

Annotations:
D:1 exclusion: gnoll


Innate Abilities, Weirdness & Mutations

You are a hulking beast.
Your limbs bulge with bestial killing power. (Slay +2)
You are flying.
You are immune to sickness and miasma.
You are immune to poison.
Your flesh is very heat resistant. (rF++)
You are vulnerable to cold. (rC-)
You float through the air rather than walking.
You learn spells naturally, not from books.
Your magical power is your life essence.
You have superior vitality. (+4 MHP)


Message History

There is a stone staircase leading down here.
The jelly quivers.
A jelly is nearby!
The jelly resists with some effort.
The jelly hits you.
You are splashed with acid!
The jelly resists with some effort.
The jelly closely misses you.
The jelly resists with some effort.
The jelly misses you.
The jelly resists with some effort.
The jelly hits you but does no damage.
You are too injured to fight recklessly!
Aiming: Slow (safe; 12% risk of failure)
Press: ? - help, Q - select action, (/) - cycle Shift-Dir - straight line, f/p - jelly
Aim: a jelly (chance to affect: 49%)
You miscast Slow.
You are very lightly contaminated with residual magic.
Nothing appears to happen.
The jelly closely misses you.
Aiming: Slow (safe; 12% risk of failure)
Press: ? - help, Q - select action, (/) - cycle Shift-Dir - straight line, f/p - jelly
Aim: a jelly (chance to affect: 49%)
The jelly resists with some effort.
The jelly closely misses you.
Aiming: Slow (safe; 12% risk of failure)
Press: ? - help, Q - select action, (/) - cycle Shift-Dir - straight line, f/p - jelly
Aim: a jelly (chance to affect: 49%)
You miscast Slow.
Nothing appears to happen.
The jelly hits you but does no damage.
Aiming: Slow (safe; 12% risk of failure)
Press: ? - help, Q - select action, (/) - cycle Shift-Dir - straight line, f/p - jelly
Aim: a jelly (chance to affect: 49%)
The jelly seems to slow down.
You hit the jelly.
Your hands burn!
The jelly is moderately wounded.
The jelly hits you. The acid corrodes you!
You are splashed with acid!
You hit the jelly.
Your hands burn!
* * * LOW HITPOINT WARNING * * *
The jelly is heavily wounded.
The jelly hits you.
* * * LOW HITPOINT WARNING * * *
You are splashed with acid!
You die...

.# .................(..##....
.# .........###..#....###†.†
.# .######..# ##............
.#### .)# #...###
..........#.. ....## #.#
#.###...##........... .##..#
#.# #.# #.##............#
.###.####.###.#
#.#....#.?....#.. .#
#...##.##..###...##.#......#.#
## ###..........hJ........$...
.# ##...........#.##.....?.
#.>......####.##.......
######..####......#.#..
###...##.....#.....#.
#####...###...............
##......###...............#
###..###########............#
##...#.#~.~~~~~~~............#


You could see a jelly (slow).

Vanquished Creatures
  9 adders
  A river rat (Sewer)
  3 worms
  5 dart slugs
  5 ball pythons
  4 bats
  6 endoplasms
  A giant cockroach (D:2)
  6 hobgoblins
  3 kobolds
  4 quokkas
  7 frilled lizards
  2 goblins
  13 rats
69 creatures vanquished.

Notes
Turn   | Place    | Note
-------+----------+-------------------------------------------
     0 | D:1      | freelancePsychic the Djinni Shapeshifter began the quest
                  | for the Orb.
     0 | D:1      | Reached XP level 1. HP: 17/17 MP: 0/0
   235 | D:1      | Reached XP level 2. HP: 21/22 MP: 0/0
   370 | D:1      | Reached skill level 1 in Spellcasting
   370 | D:1      | Reached skill level 1 in Conjurations
   370 | D:1      | Reached skill level 1 in Hexes
   370 | D:1      | Reached skill level 1 in Summonings
   370 | D:1      | Reached skill level 1 in Necromancy
   370 | D:1      | Reached skill level 1 in Translocations
   370 | D:1      | Reached skill level 1 in Transmutations
   370 | D:1      | Reached skill level 1 in Fire Magic
   370 | D:1      | Reached skill level 1 in Ice Magic
   370 | D:1      | Reached skill level 1 in Air Magic
   370 | D:1      | Reached skill level 1 in Earth Magic
   370 | D:1      | Reached skill level 1 in Poison Magic
   539 | D:1      | Reached XP level 3. HP: 27/28 MP: 0/0
   539 | D:1      | Learned a level 1 spell: Slow
  1340 | D:2      | Reached XP level 4. HP: 34/34 MP: 0/0
  1927 | D:3      | Found a glowing drain.
  1938 | Sewer    | Entered a sewer
  2074 | Sewer    | Reached XP level 5. HP: 32/40 MP: 0/0
  2074 | Sewer    | Learned a level 2 spell: Passwall
  2870 | D:3      | Identified the +1 pair of boots of Happy Babbling {Dex+4}
  3003 | D:3      | Splashed by a jelly's acid

Illustrated notes

Levels and vault maps discovered:
D:1:      eino_arrival_cavern_e, layout_basic, minmay_cut_off
D:2:      layout_basic, serial_forest, infiniplex_forest_clump_C,
          infiniplex_forest_clump_medium, infiniplex_forest_end_2,
          infiniplex_forest_lined_4_way, infiniplex_forest_lined_room_,
          infiniplex_forest_lined_room_2, infiniplex_forest_straight_3
D:3:      layout_rooms, portal_sewer_entry_d, wad_floor_pattern_untrapped,
          dk_noncrumbling_4

Skill      XL: |  1  2  3  4  5 |
---------------+----------------+-----
Spellcasting   | 1 2 |  2.1
Conjurations   | 1 2 |  2.1
Hexes          | 1 2 |  2.1
Summonings     | 1 2 |  2.1
Necromancy     | 1 2 |  2.1
Translocations | 1 2 |  2.1
Transmutations | 1 2 |  2.1
Fire Magic     | 1 2 |  2.1
Ice Magic      | 1 2 |  2.1
Air Magic      | 1 2 |  2.1
Earth Magic    | 1 2 |  2.1
Poison Magic   | 1 2 |  2.1
Fighting       | 2 3 |  3.4
Shapeshifting  | 3 |  3.1
Dodging        | |  2.1
Unarmed Combat | |  3.0

Action                     |  1- 3 |  4- 6 || total
---------------------------+-------+-------++-------
  Melee: Unarmed           |   116 |   162 ||   278
         Punch             |     1 |     1 ||     2
   Cast: Slow              |     3 |     6 ||     9
    Use: Scroll            |       |     3 ||     3
         Potion            |       |     1 ||     1
   Stab: Sleeping          |     1 |     1 ||     2
 Armour: Animal skin       |    18 |    35 ||    53
         Skin              |       |     1 ||     1
  Dodge: Dodged            |    63 |    97 ||   160

Table legend: (Time is in decaauts)
 A = Elapsed time spent in this place.
 B = Non-inter-level travel time spent in this place.
 C = Inter-level travel time spent in this place.
 D = Time resting spent in this place.
 E = Time spent auto-exploring this place.
 F = Levels seen in this place.
 G = Mean time per level.
                   A        B        C        D        E       F      G
               +--------+--------+--------+--------+--------+-----+--------+
         Total |   2987 |   2910 |     77 |      0 |   2194 |   4 |  746.8 |
       Dungeon |   2454 |   2377 |     77 |      0 |   1851 |   3 |  818.0 |
         Sewer |    533 |    533 |      0 |      0 |    343 |   1 |  533.0 |
               +--------+--------+--------+--------+--------+-----+--------+

Top non-repeatable levels by time:
     D:2: 992 daAuts
     D:1: 755 daAuts
     D:3: 706 daAuts
   Sewer: 533 daAuts
